 Dungeon Crawl Stone Soup version 0.18.0-1-g0107ab7 (webtiles) character file.

22155 Helmschank the Slicer (level 12, -1/100 HPs)
             Began as a Naga Wizard on May 4, 2016.
             Was a High Priest of Cheibriados.
             Slain by Rupert
             ... wielding a +2 vampiric battleaxe
              (18 damage)
             ... on level 3 of the Lair of Beasts on May 6, 2016.
             The game lasted 02:25:22 (18167 turns).

Helmschank the Slicer (Naga Wizard)                Turns: 18167, Time: 02:25:23

Health: -1/100     AC: 15    Str: 26    XL:     12   Next: 97%
Magic:  1/19       EV: 15    Int: 37    God:    Cheibriados [*****.]
Gold:   799        SH:  0    Dex: 29    Spells: 6 memorised, 7 levels left

rFire  + . .     SeeInvis +     a - +9 dagger "Rouzy Hoer" {pierce, rN+ Str+4 Dex+6}
rCold  . . .     Gourm    .     R - +0 steam dragon armour
rNeg   + . .     Faith    .     (no shield)
rPois  +         Spirit   .     l - +1 hat
rElec  .         Dismiss  .     L - +0 cloak
rCorr  .         Reflect  .     G - +2 pair of gloves
SustAt .         Harm     .     (no barding)
MR     +....                    (no amulet)
Stlth  ++++......               h - ring of protection from fire
                                V - +3 ring of protection

@: about to teleport, repel missiles, very slow, somewhat resistant to hostile
enchantments, stealthy
A: see invisible, deformed body, poison resistance, slowness 2, slow metabolism
1, spit poison 2, AC +4
a: Spit Poison, Bend Time, Temporal Distortion, Slouch, Step From Time, Renounce
Religion


You were on level 3 of the Lair of Beasts.
You worshipped Cheibriados.
Cheibriados was extremely pleased with you.
You were not hungry.

You visited 3 branches of the dungeon, and saw 15 of its levels.
You also visited: Sewer.

You collected 955 gold pieces.
You spent 156 gold pieces at shops.

Inventory:

Hand Weapons
 a - the +9 dagger "Rouzy Hoer" (weapon) {pierce, rN+ Str+4 Dex+6}
   (You found it on level 7 of the Dungeon)

   It inflicts extra damage upon your enemies.
   It affects your strength (+4).
   It affects your dexterity (+6).
   It protects you from negative energy.
 b - a +1 long sword of holy wrath
 r - a +1 great sword of freezing
 t - the +6 arbalest of the Dungeon {penet, rElec MP-9 Str+6 Int+2}
   (You found it on level 8 of the Dungeon)

   Ammo fired by it will pass through the targets it hits, potentially hitting
   all targets in its path until it reaches maximum range.
   It affects your strength (+6).
   It affects your intelligence (+2).
   It insulates you from electricity.
   It affects your magic capacity (-9).
 N - a +2 dagger of venom
Missiles
 j - 468 stones
 n - 23 poisoned needles
 U - 5 tomahawks (quivered)
Armour
 l - a +1 hat (worn)
 G - a +2 pair of gloves (worn)
 L - a +0 cloak (worn)
 R - a +0 steam dragon armour (worn)
Jewellery
 e - an uncursed ring of protection from magic
 h - a ring of protection from fire (right hand)
 y - an uncursed ring of wizardry
 V - a +3 ring of protection (left hand)
Wands
 g - a wand of disintegration (14/24)
 k - a wand of flame (23/48)
 w - a wand of lightning (0/15)
 C - a wand of confusion (19/48)
 D - a wand of confusion (15/48)
 J - a wand of acid (2/15)
 M - a wand of polymorph (20/24)
Scrolls
 i - 3 scrolls of identify
 o - 5 scrolls of teleportation
 s - 5 scrolls of remove curse
 H - 2 scrolls of enchant weapon
 K - 2 scrolls of recharging
 O - a scroll of fear
 S - a scroll of acquirement
 T - 2 scrolls of amnesia
Potions
 m - 6 potions of curing
 q - 2 potions of heal wounds
 x - a potion of ambrosia
 z - a potion of resistance
 A - a potion of cancellation
 B - a potion of might
 E - a potion of flight
 F - a potion of magic
Books
 c - a book of Minor Magic

   Spells                             Type                      Level
   a - Magic Dart                     Conjuration                  1
   b - Blink                          Translocation                2
   c - Call Imp                       Summoning                    2
   d - Repel Missiles                 Charms/Air                   2
   e - Slow                           Hexes                        2
   f - Conjure Flame                  Conjuration/Fire             3
   g - Mephitic Cloud                 Conjuration/Poison/Air       3
 u - a book of Party Tricks

   Spells                             Type                      Level
   a - Summon Butterflies             Summoning                    1
   b - Apportation                    Translocation                1
   c - Tukima's Dance                 Hexes                        3
   d - Alistair's Intoxication        Transmutation/Poison         5
   e - Invisibility                   Hexes                        6
 I - a Grand Grimoire

   Spells                             Type                      Level
   a - Monstrous Menagerie            Summoning                    7
   b - Summon Greater Demon           Summoning                    7
   c - Malign Gateway                 Summoning/Translocation      7
   d - Summon Horrible Things         Summoning                    8
Comestibles
 d - 12 bread rations
 f - 7 meat rations
 p - 7 beef jerkies
 v - a royal jelly
 P - 4 chunks of flesh
 Q - 4 slices of pizza
 W - 3 fruits


   Skills:
 - Level 4.4 Fighting
 * Level 11.8 Short Blades
   Level 3.2 Axes
 - Level 2.0 Armour
 - Level 4.9 Dodging
 - Level 5.0 Stealth
 + Level 4.6 Spellcasting
 - Level 10.0 Conjurations
 - Level 1.0 Summonings
 - Level 1.0 Translocations
 - Level 4.1 Fire Magic
 - Level 3.1 Air Magic
 - Level 3.0 Poison Magic
 - Level 9.9 Invocations


You had 7 spell levels left.
You knew the following spells:

 Your Spells              Type           Power        Failure   Level  Hunger
b - Blink                 Tloc           N/A          4%          2    None
c - Mephitic Cloud        Conj/Pois/Air  #####...     1%          3    None
h - Conjure Flame         Conj/Fire      ######..     1%          3    None
q - Call Imp              Summ           ###.....     4%          2    None
r - Repel Missiles        Chrm/Air       ###...       3%          2    None
z - Magic Dart            Conj           ####         1%          1    None


Dungeon Overview and Level Annotations

Branches:
Dungeon (11/15)            Temple (1/1) D:4            Lair (3/8) D:10
    Orc (0/2) D:11
  Swamp: Lair:3-6    Shoals: Lair:3-6     Snake: Lair:3-6    Spider: Lair:3-6

Altars:
Ashenzari
Cheibriados
Dithmenos
Elyvilon
Fedhas
Gozag
Kikubaaqudgha
Makhleb
Nemelex Xobeh
Okawaru
Pakellas
Qazlal
Ru
Sif Muna
Trog
Vehumet
Xom
Yredelemnul
Zin
The Shining One
Lugonu

Shops:
D:2 }   D:8 %*(:

Annotations:
D:6 exclusion: statue
Lair:3 Rupert


Innate Abilities, Weirdness & Mutations

You cannot wear boots.
Your serpentine skin is tough (AC +4).
You have supernaturally acute eyesight.
Armour fits poorly on your strangely shaped body.
Your system is resistant to poisons.
You cover ground very slowly.
You have a slow metabolism.
You can spit poison.


Message History

You blink.
* * * LOW MAGIC WARNING * * *
You have got your breath back.
Rupert rages.
Read which item? (? for menu, Esc to quit)
As you read the scroll of fear, it crumbles to dust.
You assume a fearsome visage.
The giant frog looks frightened!
Read which item? (? for menu, Esc to quit)
As you read the scroll of teleportation, it crumbles to dust.
You feel strangely unstable.
Evoke which item? (* to show all) (? for menu, Esc to quit)
Zapping:
g - a wand of disintegration (will waste charges)
Press: ? - help, Shift-Dir - straight line, f/p - Rupert
Aim: Rupert, wielding a vampiric battleaxe and wearing a scale mail (heavily wounded, berserk, fast, unusually strong, covered in acid, chance to defeat MR: 7%) Rupert resists with almost no effort.
Evoking this partially-identified wand wasted a few charges.
Rupert hits you with a vampiric battleaxe!
* * * LOW HITPOINT WARNING * * *
Rupert hits you with a vampiric battleaxe!!
You die...

#...#...####....##
#....S..##......##
#.....†.#.#......#
>.8.##............#.#
. #...............# #
###.....###S.....#.#
##.......##P.........
≈≈..#.....#..@≈≈≈≈≈..
≈≈.........#.@≈≈≈≈≈..#
#§............≈≈≈≈≈...
§≈.#.P.#...#..≈≈≈≈≈..
§.P..#†......≈≈≈≈≈..
....##.............
....##.............
.#.
...........##..##..
.... ...........#
...... ...♣
♣♣♣.......## .#.


You could see Rupert (berserk) and a water moccasin.

Vanquished Creatures
  A hydra (Lair:1)
  The ghost of exodus the Nimble, a novice SpAs of Pakellas (Lair:1)
  2 unseen horrors
  A hill giant (D:10)
  An ugly thing (D:11)
  A black mamba (Lair:3)
  2 centaur zombies
  3 spiny frogs
  A rime drake (Lair:2)
  3 komodo dragons
  Prince Ribbit (Lair:3)
  A troll (D:10)
  A two-headed ogre (D:9)
  8 blink frogs (Lair:3)
  Sigmund (D:2)
  2 shadows (D:11)
  20 yaks
  2 basilisks (Lair:2)
  A steam dragon (D:11)
  A hungry ghost (D:8)
  A mottled dragon (D:11)
  4 hippogriffs
  4 water moccasins
  An ice beast (D:8)
  3 porcupines
  3 sky beasts
  5 orc warriors
  A black bear (Lair:1)
  3 wolves (Lair:3)
  4 phantoms
  A necrophage (D:9)
  6 ogres
  A centaur (D:8)
  6 crocodiles
  18 giant frogs
  10 big kobolds
  A water moccasin zombie (D:8)
  8 scorpions
  14 wights
  21 killer bees
  7 howler monkeys
  5 crimson imps
  A quasit (D:7)
  2 hounds (D:4)
  9 orc priests
  A giant frog zombie (D:8)
  A jelly (D:11)
  13 orc wizards
  2 giant frog skeletons
  7 iguanas
  9 worker ants
  A sheep (Lair:3)
  A hound skeleton (D:10)
  3 hound zombies
  2 worker ant zombies
  14 adders
  9 gnolls (D:4)
  46 river rats
  4 shadow imps
  3 adder zombies
  4 adder skeletons
  12 worms
  2 dart slugs
  5 giant geckos
  46 orcs
  16 bats
  2 giant cockroaches
  36 goblins
  23 hobgoblins
  4 jackals
  6 quokkas
  7 ball pythons
  6 giant newts
  14 kobolds
  16 rats
508 creatures vanquished.

Vanquished Creatures (collateral kills)
  A goblin (D:4)
1 creature vanquished.

Vanquished Creatures (others)
  15 fungi
  13 plants (D:10)
28 creatures vanquished.

Grand Total: 537 creatures vanquished

Notes
Turn   | Place    | Note
--------------------------------------------------------------
     0 | D:1      | Helmschank the Naga Wizard began the quest for the Orb.
     0 | D:1      | Reached XP level 1. HP: 15/15 MP: 4/4
   244 | D:1      | Reached XP level 2. HP: 21/22 MP: 0/6
   857 | D:2      | Reached XP level 3. HP: 28/28 MP: 2/7
   911 | D:2      | Found a bloodstained altar of Trog.
   912 | D:2      | Found an ancient bone altar of Kikubaaqudgha.
   942 | D:2      | Found an opulent altar of Gozag.
  1307 | D:2      | Reached XP level 4. HP: 8/36 MP: 0/8
  1536 | D:2      | Learned a level 3 spell: Mephitic Cloud
  1539 | D:2      | Learned a level 2 spell: Blink
  1543 | D:2      | Learned a level 3 spell: Conjure Flame
  1789 | D:2      | Found an oddly glowing altar of Pakellas.
  1789 | D:2      | Found Pakellas's Prime Provisions.
  1789 | D:2      | Noticed Sigmund
  1832 | D:2      | Killed Sigmund
  1832 | D:2      | Reached XP level 5. HP: 40/42 MP: 1/9
  1881 | D:2      | Reached XP level 6. HP: 43/49 MP: 4/10
  2626 | D:3      | Reached skill level 1 in Fire Magic
  3025 | D:4      | Learned a level 2 spell: Call Imp
  3218 | D:4      | Found a staircase to the Ecumenical Temple.
  3260 | Temple   | Entered the Ecumenical Temple
  3295 | Temple   | Became a worshipper of Cheibriados the Contemplative
  3326 | D:4      | Reached XP level 7. HP: 55/55 MP: 3/11
  3398 | D:4      | Found a sparkling altar of Nemelex Xobeh.
  4154 | D:4      | Reached * piety under Cheibriados
  4368 | D:4      | Reached skill level 1 in Armour
  4657 | D:4      | Reached ** piety under Cheibriados
  4925 | D:4      | Reached skill level 1 in Fighting
  4925 | D:4      | Reached XP level 8. HP: 53/64 MP: 6/12
  5294 | D:4      | Reached skill level 5 in Conjurations
  5449 | D:4      | Reached *** piety under Cheibriados
  5806 | D:5      | Entered Level 5 of the Dungeon
  5959 | D:5      | Reached **** piety under Cheibriados
  6128 | D:5      | Found a glowing drain.
  6133 | Sewer    | Entered a sewer
  6583 | Sewer    | Reached ***** piety under Cheibriados
  6586 | Sewer    | Reached XP level 9. HP: 78/78 MP: 6/13
  7097 | D:5      | Found an iron altar of Okawaru.
  7165 | D:5      | Reached skill level 1 in Axes
  7892 | D:6      | Found a radiant altar of Vehumet.
  8839 | D:7      | Learned a level 2 spell: Repel Missiles
  8914 | D:7      | Found a shimmering altar of Xom.
  8914 | D:7      | Found a blossoming altar of Fedhas.
  9072 | D:7      | Reached skill level 1 in Invocations
  9093 | D:7      | Reached ****** piety under Cheibriados
  9233 | D:7      | Got a faintly glowing dagger
  9241 | D:7      | Identified the +9 dagger "Rouzy Hoer" {pierce, rN+ Str+4 Dex+6} (You found it on level 7 of the Dungeon)
  9318 | D:7      | Reached skill level 1 in Short Blades
  9412 | D:7      | Reached XP level 10. HP: 87/87 MP: 8/14
  9435 | D:7      | Reached skill level 2 in Short Blades
  9680 | D:8      | Upgraded the game from 0.18-b1-22-ge198996 to 0.18-b1-23-gf76aad1
  9698 | D:8      | Found Rinya's Assorted Antiques.
  9710 | D:8      | Found Ycaeture's Weapon Shoppe.
  9724 | D:8      | Bought a forked glass wand for 104 gold pieces
  9724 | D:8      | Bought a scroll of identify for 52 gold pieces
  9739 | D:8      | Found a burning altar of Makhleb.
  9739 | D:8      | Found a glowing golden altar of the Shining One.
  9765 | D:8      | Reached skill level 5 in Invocations
  9962 | D:8      | Found Kewainy's Food Emporium.
  9980 | D:8      | Reached skill level 3 in Short Blades
  9985 | D:8      | Found Miosk's Book Shoppe.
 10024 | D:8      | Found a glowing silver altar of Zin.
 10224 | D:8      | Got a dazzling arbalest
 10225 | D:8      | Identified the +6 arbalest of the Dungeon {penet, rElec MP-9 Str+6 Int+2} (You found it on level 8 of the Dungeon)
 10342 | D:8      | Found a shadowy altar of Dithmenos.
 10371 | D:8      | Found a shattered altar of Ashenzari.
 10371 | D:8      | Found a deep blue altar of Sif Muna.
 11006 | D:9      | Found an iron altar of Okawaru.
 11039 | D:9      | Reached skill level 5 in Stealth
 11108 | D:9      | Reached skill level 4 in Short Blades
 11762 | D:9      | Reached skill level 5 in Short Blades
 11777 | D:9      | Reached XP level 11. HP: 40/93 MP: 10/17
 12034 | D:10     | Entered Level 10 of the Dungeon
 12035 | D:10     | Upgraded the game from 0.18-b1-23-gf76aad1 to 0.18.0-1-g0107ab7
 12526 | D:10     | Reached skill level 6 in Short Blades
 12731 | D:10     | Noticed a hill giant
 12745 | D:10     | Killed a hill giant
 12746 | D:10     | Noticed a fire crab
 12772 | D:10     | Noticed a hill giant
 12783 | D:10     | Found a shimmering altar of Xom.
 12975 | D:10     | Noticed a hell hog
 12975 | D:10     | Found a shimmering altar of Xom.
 12975 | D:10     | Found a shimmering altar of Xom.
 12982 | D:10     | Noticed an anaconda
 13005 | D:10     | Noticed a sea snake
 13137 | D:10     | Reached skill level 7 in Short Blades
 13190 | D:10     | Noticed an anaconda
 13267 | D:10     | Noticed a queen ant
 13268 | D:10     | Found a shimmering altar of Xom.
 13276 | D:10     | Noticed an orb spider
 13288 | D:10     | Found a staircase to the Lair.
 13288 | D:10     | Noticed a salamander
 13288 | D:10     | an orb spider changed into a salamander
 13345 | D:10     | Noticed an entropy weaver
 13347 | D:10     | Noticed an alligator
 13347 | D:10     | an entropy weaver changed into an alligator
 13616 | D:10     | Noticed an unseen horror
 13627 | D:10     | Killed an unseen horror
 13730 | D:11     | Noticed an unseen horror
 13735 | D:11     | Killed an unseen horror
 13752 | D:11     | Found a staircase to the Orcish Mines.
 14051 | D:11     | Reached skill level 8 in Short Blades
 14299 | D:11     | Noticed a brown ugly thing
 14305 | D:11     | Killed a brown ugly thing
 14396 | D:11     | Reached XP level 12. HP: 39/100 MP: 7/19
 14432 | D:11     | Reached skill level 9 in Short Blades
 15068 | D:10     | Noticed a ghost crab
 15073 | Lair:1   | Entered Level 1 of the Lair of Beasts
 15280 | Lair:1   | Noticed exodus's ghost (novice SpAs)
 15286 | Lair:1   | Killed exodus's ghost
 15817 | Lair:1   | Noticed an eight-headed hydra
 15827 | Lair:1   | Killed an eight-headed hydra
 16165 | Lair:1   | Identified a scroll of acquirement
 16244 | Lair:1   | Reached skill level 10 in Short Blades
 16606 | Lair:2   | Reached skill level 10 in Conjurations
 17020 | Lair:2   | Found a frozen archway.
 17598 | Lair:2   | Reached skill level 11 in Short Blades
 18077 | Lair:3   | Noticed Prince Ribbit
 18083 | Lair:3   | Killed Prince Ribbit
 18101 | Lair:3   | Noticed Rupert
 18167 | Lair:3   | Slain by Rupert

Skill      XL: |  1  2  3  4  5  6  7  8  9 10 11 12 |
---------------+-------------------------------------+-----
Conjurations   | 2 3 4 6 7 9 10 | 10.0
Dodging        | 2 4 |  4.9
Air Magic      | 2 3 |  3.1
Poison Magic   | 3 |  3.0
Fire Magic     | 2 4 |  4.1
Armour         | 1 2 |  2.0
Fighting       | 1 4 |  4.4
Axes           | 3 |  3.2
Invocations    | 3 8 9 |  9.9
Short Blades   | 1 5 8 11 | 11.8
Stealth        | 5 |  5.0
Spellcasting   | 4 |  4.6
Summonings     | |  1.0
Translocations | |  1.0

Action                   |  1- 3 |  4- 6 |  7- 9 | 10-12 || total
-------------------------+-------+-------+-------+-------++-------
Melee: Dagger            |     8 |       |    13 |   670 ||   691
       Whip              |     5 |    23 |    70 |       ||    98
       Morningstar       |       |       |   138 |       ||   138
       Long sword        |       |       |       |    19 ||    19
       Great sword       |       |       |       |     1 ||     1
Throw: Stone             |       |     7 |    31 |    14 ||    52
       Tomahawk          |       |       |       |    54 ||    54
 Cast: Magic Dart        |    40 |    57 |   319 |   282 ||   698
       Mephitic Cloud    |       |    14 |    52 |    13 ||    79
       Conjure Flame     |       |     1 |     3 |       ||     4
       Repel Missiles    |       |       |     1 |       ||     1
       Blink             |       |       |       |     6 ||     6
Invok: Slouch            |       |       |       |    15 ||    15
 Abil: Spit Poison       |    30 |    23 |    34 |    16 ||   103
Evoke: Wand              |       |       |       |     7 ||     7
  Use: Potion            |     1 |       |       |       ||     1
       Scroll            |       |     9 |     7 |    13 ||    29
 Stab: Confused          |       |     1 |     9 |     8 ||    18
       Sleeping          |       |       |       |     8 ||     8
  Eat: Chunk             |     2 |     7 |    20 |    17 ||    46
       Meat ration       |       |       |       |     1 ||     1
       Pizza             |       |       |       |     1 ||     1
       Beef jerky        |       |       |       |     1 ||     1
Armor: Robe              |     4 |     8 |    24 |       ||    36
       Leather armour    |       |       |    56 |    93 ||   149
       Steam dragon armo |       |       |       |    61 ||    61
Dodge: Dodged            |    12 |    20 |   189 |   329 ||   550
